 Dungeon Crawl Stone Soup version 0.30-a0-321-gf7783e6616 (webtiles) character file.

Game seed: 8169873678804403484

512985 910rd the Slayer (level 26, -7/169 HPs)
             Began as a Kobold Summoner on Oct 25, 2022.
             Was the Champion of Hepliaklqana.
             Mangled by a caustic shrike (20 damage)
             ... on level 2 of the Depths on Oct 27, 2022.
             The game lasted 04:51:44 (63013 turns).

910rd the Slayer (Kobold Summoner)                 Turns: 63013, Time: 04:51:44

Health: -7/169     AC: 10    Str: 13    XL:     26   Next: 92%
Magic:  1/38       EV: 23    Int: 36    God:    Hepliaklqana [******]
Gold:   5049       SH:  0    Dex: 17    Spells: 3/47 levels left

rFire   + + .      SeeInvis .    Z - +3 Elemental Staff {rElec rF++ rC++ AC+5}
rCold   + + +      Faith    .    (shield currently unavailable)
rNeg    . . .      Spirit   .    A - +1 leather armour {Will+}
rPois   .          Reflect  .    c - +1 helmet "Upsozuav" {Int+5}
rElec   +          Harm     .    e - +0 cloak {Will+}
rCorr   .          Rampage  .    U - +1 pair of gloves of Vuxzienk {rC+ Str+6}
Will    ++++.      Archmagi +    q - +1 pair of boots
Stlth   ++++++....               k - amulet of magic regeneration
HPRegen 0.48/turn                w - ring of Cheibriados's Favour {rElec Will+ Int+6}
MPRegen 0.66/turn                a - ring of the Mage {Wiz Archmagi}

@: calling dragons, corroded, studying 2 skills
A: reduced essence, small, no large weapons, nightstalker 3
}: 2/15 runes: decaying, gossamer
a: Renounce Religion, Recall Ancestor, Ancestor Identity, Transference, Idealise


You were on level 2 of the Depths.
You worshipped Hepliaklqana.
Hepliaklqana was exalted by your worship.
You visited 9 branches of the dungeon, and saw 40 of its levels.
You visited 1 bazaar.
You also visited: Ossuary, Bailey, Gauntlet, Ice Cave and Wizlab.

You collected 6433 gold pieces.
You spent 1384 gold pieces at shops.

Inventory:

Hand Weapons
 Z - the +3 Elemental Staff (weapon) {rElec rF++ rC++ AC+5}
   (You found it on level 12 of the Dungeon)

   If the wielder is skilled in Evocations, they can discharge powerful blasts
   of elemental energy when striking with it.
   It enhances your fire, ice, earth and air magic.
   AC:        It affects your AC (+5).
   rF:        It greatly protects you from fire.
   rC:        It greatly protects you from cold.
   rElec:     It insulates you from electricity.
Missiles
 n - 51 poisoned darts
 C - 2 throwing nets
Armour
 c - the +1 helmet "Upsozuav" (worn) {Int+5}
   (You found it on level 1 of the Depths)

   Int:       It affects your intelligence (+5).
 e - a +0 cloak of willpower (worn)
 q - a +1 pair of boots (worn)
 s - a +2 buckler of cold resistance
 A - a +1 leather armour of willpower (worn)
 M - a +2 robe of resistance
 U - the +1 pair of gloves of Vuxzienk (worn) {rC+ Str+6}
   (You found it on level 3 of the Swamp)

   Str:       It affects your strength (+6).
   rC:        It protects you from cold.
Jewellery
 a - the ring of the Mage (right hand) {Wiz Archmagi}
   (You found it in a Gauntlet)

   [ring of wizardry]

   It improves your spell success rate.
   Archmagi:  It increases the power of your magical spells.
 d - the ring of Tuoth {+Blink rPois rF+ Int-3}
   (You acquired it on level 10 of the Dungeon)

   [ring of protection from fire]

   Int:       It affects your intelligence (-3).
   rF:        It protects you from fire.
   rPois:     It protects you from poison.
   +Blink:    It lets you blink.
 f - a ring of flight
 i - a ring of magical power
 j - a ring of see invisible
 k - an amulet of magic regeneration (around neck)
 w - the ring of Cheibriados's Favour (left hand) {rElec Will+ Int+6}
   (You found it on level 3 of the Elven Halls)

   [ring of intelligence]

   Int:       It affects your intelligence (+6).
   rElec:     It insulates you from electricity.
   Will:      It increases your willpower.
 y - an amulet of the acrobat
 G - the ring of Equivalence {rElec rC++ rN+ EV+4}
   (You found it on level 3 of the Elven Halls)

   [ring of evasion]

   EV:        It affects your evasion (+4).
   rC:        It greatly protects you from cold.
   rElec:     It insulates you from electricity.
   rN:        It protects you from negative energy.
 J - a ring of resist corrosion
 N - the ring "Luaghih" {rElec rN++ Will- Dex+6}
   (You found it on level 3 of the Elven Halls)

   [ring of dexterity]

   Dex:       It affects your dexterity (+6).
   rElec:     It insulates you from electricity.
   rN:        It greatly protects you from negative energy.
   Will:      It decreases your willpower.
 Q - an amulet of regeneration
 R - a ring of protection from cold
Wands
 H - a wand of iceblast (47)
 K - a wand of digging (26)
 X - a wand of light (34)
Scrolls
 m - 28 scrolls of teleportation
 p - a scroll of immolation
 t - 8 scrolls of fog
 u - 5 scrolls of summoning
 F - 10 scrolls of blinking
 I - 9 scrolls of magic mapping
 O - 5 scrolls of poison
 S - 16 scrolls of enchant armour
 T - 9 scrolls of fear
Potions
 b - 5 potions of magic
 h - 19 potions of curing
 l - 16 potions of attraction
 o - 10 potions of haste
 r - 7 potions of brilliance
 x - 10 potions of mutation
 B - 3 potions of invisibility
 D - 11 potions of lignification
 E - 19 potions of ambrosia
 L - 10 potions of heal wounds
 P - 3 potions of resistance
 W - 6 potions of cancellation
Miscellaneous
 g - a phial of floods
 v - a lightning rod (4/4)
 z - a condenser vane
 V - a phantom mirror
 Y - a box of beasts


   Skills:
 + Level 25.0 Fighting
 - Level 1.4 Polearms
 - Level 8.0 Armour
 - Level 15.0 Dodging
 - Level 12.3 Stealth
 - Level 4.0 Shields
 - Level 11.0 Spellcasting
 - Level 4.0 Hexes
 - Level 24.0 Summonings
 - Level 10.0 Translocations
 - Level 5.0 Air Magic
 - Level 12.0 Invocations
 - Level 9.3 Evocations


You had 3 spell levels left.
You knew the following spells:

 Your Spells              Type           Power      Damage    Failure   Level
a - Summon Hydra          Summ           69%        N/A       1%          7
b - Summon Horrible Thin  Summ           69%        N/A       1%          8
c - Call Canine Familiar  Summ           100%       N/A       0%          3
d - Summon Guardian Gole  Hex/Summ       100%       N/A       1%          3
e - Summon Lightning Spi  Summ/Air       100%       N/A       1%          4
f - Summon Small Mammal   Summ           100%       N/A       0%          1
g - Malign Gateway        Summ/Tloc      59%        N/A       1%          7
h - Call Imp              Summ           100%       N/A       0%          2
i - Dragon's Call         Summ           69%        N/A       6%          9

Your spell library contained the following spells:

 Spells                   Type           Power      Damage    Failure   Level
 Kiss of Death            Conj/Necr      100%       2d13      1%          1
 Magic Dart               Conj           100%       1d8       1%          1
 Sandblast                Erth           88%        2d18      1%          1
 Sting                    Tmut/Pois      100%       1d8       1%          1
 Blink                    Tloc           100%       N/A       1%          2
 Cigotuvi's Dreadful Rot  Necr/Pois/Air  100%       N/A       1%          2
 Ensorcelled Hibernation  Hex/Ice        100%       N/A       1%          2
 Passwall                 Tmut/Erth      36%        N/A       1%          2
 Poisonous Vapours        Pois/Air       100%       N/A       1%          2
 Scorch                   Fire           88%        2d9       1%          2
 Sublimation of Blood     Necr           29%        N/A       1%          2
 Confusing Touch          Hex            64%        N/A       1%          3
 Gell's Gravitas          Tloc           95%        N/A       1%          3
 Inner Flame              Hex/Fire       67%        N/A       1%          3
 Mephitic Cloud           Conj/Pois/Air  64%        N/A       1%          3
 Portal Projectile        Hex/Tloc       100%       N/A       1%          3
 Tukima's Dance           Hex            64%        N/A       1%          3
 Vhi's Electric Charge    Tloc/Air       100%       N/A       1%          3
 Hailstorm                Conj/Ice       44%        3d10      3%          3
 Ozocubu's Armour         Ice            44%        N/A       3%          3
 Stone Arrow              Conj/Erth      88%        3d12      3%          3
 Summon Cactus Giant      Summ           69%        N/A       0%          6
 Animate Armour           Summ/Erth      100%       N/A       1%          4
 Cause Fear               Hex            32%        N/A       1%          4
 Manifold Assault         Tloc           95%        N/A       1%          4
 Passage of Golubria      Tloc           95%        N/A       1%          4
 Summon Forest            Summ/Tloc      59%        N/A       1%          5
 Summon Mana Viper        Hex/Summ       100%       N/A       1%          5
 Leda's Liquefaction      Hex/Erth       33%        N/A       4%          4
 Silence                  Hex/Air        43%        N/A       4%          5
 Spellforged Servitor     Conj/Summ      51%        N/A       6%          7
 Dispel Undead            Necr           29%        3d13      11%         4
 Flame Wave               Conj/Fire      44%        2d11      11%         4
 Olgreb's Toxic Radiance  Pois           29%        N/A       11%         4
 Petrify                  Tmut/Erth      44%        N/A       11%         4
 Sticky Flame             Conj/Fire      44%        2d6       11%         4
 Yara's Violent Unravell  Hex/Tmut       25%        3d11      12%         5
 Irradiate                Conj/Tmut      14%        3d16      26%         5
 Iskenderun's Battlesphe  Conj           29%        2d8       26%         5
 Lee's Rapid Deconstruct  Erth           22%        3d12*     26%         5
 Eringya's Noxious Bog    Tmut/Pois      14%        N/A       80%         6
 Iron Shot                Conj/Erth      22%        9d5       80%         6
 Simulacrum               Ice/Necr       22%        N/A       80%         6
 Statue Form              Tmut/Erth      29%        N/A       80%         6
 Storm Form               Tmut/Air       35%        N/A       95%         7
 Ozocubu's Refrigeration  Ice            22%        4d12      100%        7
 Discord                  Hex            32%        N/A       100%        8
 Lehudib's Crystal Spear  Conj/Erth      22%        10d6      100%        8
 Maxwell's Capacitive Co  Air            45%        ∞         100%        8
 Chain Lightning          Conj/Air       35%        3d47      100%        9
 Fire Storm               Conj/Fire      22%        8d6       100%        9
 Polar Vortex             Ice            22%        N/A       100%        9
 Shatter                  Erth           22%        3d19*     100%        9


Dungeon Overview and Level Annotations

Branches:
Dungeon (15/15) Zot: 25463  Temple (1/1) D:4 Zot: 5830    Lair (5/5) D:8 Zot: 20899
  Swamp (4/4) Lair:3 Zot: 16918  Spider (4/4) Lair:2 Zot: 18830   Slime (0/5) Lair:5
    Orc (2/2) D:11 Zot: 9422     Elf (3/3) Orc:2 Zot: 12487  Vaults (4/5) D:14 Zot: 15791
  Crypt (0/3) Vaults:3     Depths (2/4) D:15 Zot: 9751 Ossuary (visited)
 Bailey (visited)           IceCv (visited)          WizLab (visited)
Gauntlet (visited)

Altars:
Ashenzari
Cheibriados
Dithmenos
Elyvilon
Fedhas
Gozag
Hepliaklqana
Kikubaaqudgha
Makhleb
Okawaru
Ru
Sif Muna
Trog
Vehumet
Wu Jian
Xom
Yredelemnul
Zin
The Shining One

Shops:
D:1 (   D:6 :   D:11 [   D:14 :?:[[   Orc:1 !   Orc:2 :[([::[?   Vaults:3 *
Depths:1 (=*(   Depths:2 ?[

Portals:
Hell: Depths:1 Depths:2
Pandemonium: Depths:2
Trove: Vaults:2 (give 2 scrolls of acquirement)

Annotations:
Lair:5 exclusion: obsidian statue
Elf:2 3 runed translucent doors


Innate Abilities, Weirdness & Mutations

Your life essence is reduced to manifest your ancestor. (-10% HP)
You are small and have problems with some larger weapons.
You are completely attuned to the shadows.


Message History

You are no longer corroded.
Something stings your fire dragon!! Something shocks your fire dragon!
Cabbage hits the spark wasp with a +0 broad axe of speed!!
Cabbage blocks the spark wasp's attack.
The caustic shrike completely misses you.
The caustic shrike claws you!
* * * LOW HITPOINT WARNING * * *
The acid corrodes you!
You are splashed with acid!
* * * LOW HITPOINT WARNING * * *
Cabbage misses the spark wasp.
Something hits your fire dragon!!
Something barely misses your fire dragon. x2
The spark wasp stings Cabbage!
The spark wasp shocks Cabbage!
You take 13 damage, and have 65/169 hp.
You now have 3/38 mp.
The caustic shrike attacks as you move away!
The caustic shrike claws you!!
* * * LOW HITPOINT WARNING * * *
You are splashed with acid!
* * * LOW HITPOINT WARNING * * *
The caustic shrike attacks as you move away!
The caustic shrike claws you!
* * * LOW HITPOINT WARNING * * *
The acid corrodes you!
You are splashed with acid!
* * * LOW HITPOINT WARNING * * *
A dragon arrives to answer your call!
The caustic shrike completely misses you.
Your large abomination completely misses the caustic shrike.
Your shadow dragon bites the caustic shrike.
Your shadow dragon drains the caustic shrike.
Your shadow dragon barely misses the caustic shrike.
Your shadow dragon completely misses the caustic shrike.
Items here: )) [[ ÷.
You take 53 damage, and have 12/169 hp.
MASSIVE DAMAGE!!
You now have 1/38 mp.
You feel much better.
A dragon tries to answer your call, but you don't have enough magical power!
The caustic shrike claws you!
* * * LOW HITPOINT WARNING * * *
You are splashed with acid!
* * * LOW HITPOINT WARNING * * *
The caustic shrike claws you!!
You die...

#...#..#.#....#....(.) ##.....##
#...#..#......#.#....#.#..§..##
#...#..##.##..yC#bb.D)...8..##
#......#........y.§#.(.....##
#########..#.)##..y.......## #
##....)##DR####...####### #
###.)DX)### ######.....
#.)Xb############.>...
#####..Xb@.<..............
##.......†X................ ##
###......>)|)................
.####............................
..##....####.....................
#....#...# #...#############.....
##..###### #....## #..... ♣##.#
##∩....## ##?... .♣#.# #.......##
###..


You could see 2 caustic shrikes, a friendly shadow dragon (summoned), a friendly
tentacled monstrosity (summoned) and 3 friendly large abominations.

Vanquished Creatures
  A ghost moth (Spider:4)
  An orc warlord (Bailey)
  A deep elf elementalist (Elf:3)
  A dire elephant (Lair:5)
  Fannar (Orc:1)
  2 hydras (Lair:5)
  An ogre mage (Orc:2)
  2 dancing weapons (Elf:1)
  2 two-headed ogres
  A death yak (Lair:5)
  2 orc high priests (Orc:2)
  2 sixfirhies (Gauntlet)
  2 lindwurms (Lair:4)
  Pikel (D:8)
  An orc sorcerer (Orc:2)
  Maurice (Orc:2)
  5 black mambas
  A dire elephant zombie (Lair:5)
  2 elephants (Lair:5)
  5 cane toads
  2 torpor snails
  A gargoyle (Gauntlet)
  An unseen horror (D:10)
  2 komodo dragons (Lair:5)
  3 rime drakes
  3 freezing wraiths (IceCv)
  4 ice devils (IceCv)
  5 trolls
  A hornet (D:10)
  A polar bear (Lair:4)
  9 blink frogs
  Grinder (D:6)
  A slime creature (D:12)
  A jumping spider (Spider:1)
  A wraith (D:9)
  17 yaks
  Eustachio (D:4)
  2 wyverns
  3 redbacks
  A steam dragon (D:9)
  A basilisk (Lair:1)
  4 death yak simulacra
  3 acid dragons
  2 wargs (Orc:1)
  10 water moccasins
  A hydra simulacrum (IceCv)
  A black bear (D:6)
  5 orc warriors
  A sky beast (D:8)
  An ogre (Orc:1)
  3 centaurs
  4 wolves
  7 bullfrogs
  2 scorpions
  A cane toad simulacrum (IceCv)
  3 water moccasin zombies (Ossuary)
  6 wights
  An elephant simulacrum (IceCv)
  5 killer bees
  A vampire bat (Lair:3)
  2 electric eels (Lair:5)
  4 hounds
  A jelly (D:5)
  9 orc priests
  A gnoll bouda (D:7)
  An iron imp (D:3)
  2 iguanas
  11 orc wizards
  A wolf simulacrum (IceCv)
  2 mummies (Ossuary)
  7 gnolls
  2 adders
  A shadow imp (D:6)
  A white imp (D:7)
  2 ufetubi
  8 adder zombies (Ossuary)
  2 worms (D:2)
  A dart slug (D:5)
  35 orcs
  8 bats
  5 endoplasms
  4 giant cockroaches
  9 goblins
  7 hobgoblins
  2 jackals (D:3)
  9 kobolds
  3 ball pythons
  A ball python skeleton (D:2)
  A ball python zombie (D:2)
  3 frilled lizards
  A giant cockroach zombie (D:2)
  3 gnoll zombies (Ossuary)
  4 hobgoblin zombies (Ossuary)
  5 kobold zombies (Ossuary)
  2 orc zombies (Ossuary)
  A quokka skeleton (D:2)
  4 rats (D:1)
322 creatures vanquished.

Vanquished Creatures (collateral kills)
  Bai Suzhen (Spider:4)
  Sojobo (Depths:2)
  Boris (Vaults:2)
  3 caustic shrikes (Depths:2)
  Saint Roka (Depths:1)
  Nikola (Vaults:2)
  Arachne (Spider:3)
  An electric golem (WizLab)
  Zenata (Vaults:2)
  Rupert (Lair:3)
  Asterion (Spider:1)
  4 deep elf blademasters (Elf:3)
  2 deep elf master archers (Elf:3)
  3 sphinxes
  A storm dragon (Depths:2)
  3 thorn hunters (Swamp:4)
  Donald (Swamp:4)
  4 tengu reavers
  2 fire giants
  Roxanne (Spider:3)
  A fenstrider witch (Swamp:3)
  4 frost giants
  A cacodemon (Depths:2)
  14 vault wardens
  6 emperor scorpions
  8 deep elf sorcerers
  A ghost moth (Spider:4)
  3 orc warlords
  3 deep elf elementalists (Elf:3)
  22 ironbound preservers
  5 war gargoyles
  10 very ugly things
  14 ironbound thunderhulks
  2 stone giants
  3 broodmothers
  6 vampire knights
  2 deep elf demonologists (Elf:3)
  Azrael (Spider:1)
  7 eleionomae
  8 spark wasps
  4 bunyips
  10 dire elephants
  A minotaur (Gauntlet)
  5 deep elf annihilators (Elf:3)
  The ghost of foxfromabyss the Fighter, a journeyman OgGl of Okawaru (Lair:1)
  4 deep elf death magi
  The ghost of caelrath the Blocker, a journeyman FoFi of Okawaru (D:10)
  A crystal guardian (WizLab)
  3 fire dragons
  5 ettins
  A shambling mangrove (Swamp:4)
  4 great orbs of eyes
  2 deep elf high priests (Elf:3)
  2 entropy weavers
  Erolcha (Orc:2)
  An ice dragon (Depths:1)
  11 hydras
  10 peacekeepers
  A catoblepas (Lair:3)
  A jorogumo (Spider:4)
  3 rakshasas
  8 yaktaur captains
  15 ironbound frosthearts
  2 salamander tyrants (WizLab)
  An ogre mage (D:15)
  12 vault guards
  3 spriggan air magi (Depths:2)
  17 centaur warriors
  2 radroaches
  3 ghost crabs
  8 alligators
  The ghost of ouz the Thaumaturge, a journeyman DEFE of Vehumet (Lair:5)
  5 boulder beetles
  2 death yaks (Lair:5)
  12 two-headed ogres
  2 orc high priests (Orc:2)
  2 deep troll earth magi (Depths:2)
  A spectral dire elephant (Lair:5)
  4 spriggan berserkers
  7 tengu warriors
  16 dancing weapons
  A vampire mage (Depths:1)
  2 soul eaters (Depths:2)
  13 spriggans
  23 hell knights
  11 deep elf knights
  A sun demon (Depths:2)
  6 pharaoh ants
  5 skeletal warriors (D:13)
  A sixfirhy (Gauntlet)
  A sun moth (Spider:3)
  2 flayed ghosts (Swamp:4)
  An iron troll (Depths:2)
  4 goliath frogs
  Lodul (D:12)
  4 swamp dragons
  5 orb spiders
  5 spectral hydras (Swamp:4)
  8 spriggan druids
  5 steelbarb worms
  3 glowing orange brains (Vaults:4)
  57 deep trolls
  10 ironbound convokers
  9 deep elf archers
  8 lindwurms (Vaults:2)
  7 wizards
  9 harpies
  20 deep elf pyromancers
  13 orc knights
  An obsidian statue (D:14)
  4 oklob plants
  30 deep elf zephyrmancers
  17 wolf spiders
  2 human zombies (Vaults:1)
  2 will-o-the-wisps (Swamp:3)
  A salamander (shapeshifter) (D:14)
  14 necromancers
  7 orc sorcerers
  A manticore (D:14)
  28 ugly things
  6 moths of wrath
  A stone giant zombie (Vaults:3)
  3 elephants (Lair:5)
  3 black mambas
  4 salamanders (WizLab)
  6 cyclopes
  2 stone giant skeletons
  An ice statue (IceCv)
  A moth of wrath (shapeshifter) (Elf:3)
  2 centaur zombies (D:15)
  13 vault sentinels
  3 molten gargoyles (WizLab)
  6 torpor snails
  An orange demon (Depths:2)
  3 gargoyles (WizLab)
  6 demonic crawlers
  A centaur skeleton (D:15)
  6 komodo dragons
  28 yaktaurs
  2 anaconda simulacra (IceCv)
  6 cane toads
  5 tengu conjurers
  8 ice devils (IceCv)
  2 freezing wraiths
  3 kobold demonologists (D:12)
  A queen bee (Spider:2)
  2 death drake zombies (Swamp:4)
  A human skeleton (Vaults:3)
  2 hydra zombies (Swamp:4)
  7 meliai
  6 tyrant leeches
  A bloated husk (Swamp:1)
  A polar bear (Lair:2)
  4 trolls
  25 tarantellas
  12 hornets
  A death drake skeleton (Swamp:4)
  A queen bee (shapeshifter) (Elf:1)
  3 dream sheep (Lair:2)
  37 slime creatures
  24 culicivoras
  9 blink frogs
  18 jumping spiders
  A vampire (D:12)
  10 air elementals
  A meliai zombie (D:15)
  A water elemental (Elf:1)
  A spriggan (shapeshifter) (Vaults:2)
  A shadow (D:10)
  2 wraiths
  36 yaks
  A culicivora (shapeshifter) (Depths:2)
  A hog (shapeshifter) (D:12)
  11 humans (D:14)
  9 fire elementals
  A basilisk (D:14)
  2 elf zombies
  43 redbacks
  8 vampire mosquitoes
  6 wargs
  4 death yak simulacra
  A redback simulacrum (D:15)
  A glowing shapeshifter zombie (Vaults:3)
  3 spectral cane toads (Lair:5)
  2 harpy simulacra (IceCv)
  13 swamp worms
  2 hydra simulacra
  8 water moccasins
  2 acid dragons
  9 nameless horrors
  3 hell hounds (Spider:1)
  28 orc warriors
  2 sky beasts
  10 swamp drakes
  An elephant zombie (Lair:5)
  An ice beast (D:6)
  12 ogres
  7 wolves
  10 centaurs
  An elephant skeleton (Lair:5)
  2 swamp dragon skeletons (Swamp:4)
  2 lemures (D:8)
  2 kobold brigands
  2 bullfrogs
  3 cane toad simulacra (IceCv)
  A two-headed ogre simulacrum (IceCv)
  5 earth elementals
  A gnoll sergeant (D:12)
  6 wights
  31 killer bees
  3 elephant simulacra
  A vampire bat (Lair:3)
  2 howler monkeys
  2 gnoll boudas
  A human simulacrum (Vaults:1)
  A hound (D:3)
  8 orc priests
  2 iron imps (D:3)
  11 orc wizards
  2 lightning spires (WizLab)
  2 spriggan simulacra (IceCv)
  4 polar bear simulacra (IceCv)
  A wolf simulacrum (IceCv)
  2 adders (D:6)
  14 gnolls
  2 white imps (D:6)
  An ufetubus (IceCv)
  An adder skeleton (D:2)
  3 worms
  45 orcs
  A ball python (D:1)
  3 bats
  An endoplasm (D:2)
  A giant cockroach (D:3)
  7 goblins
  A hobgoblin (D:1)
  4 jackals (D:3)
  A quokka (D:3)
  2 frilled lizards (D:3)
  13 kobolds
  A kobold zombie (Ossuary)
  A rat (D:3)
  6 briar patches (Swamp:4)
1429 creatures vanquished.

Vanquished Creatures (others)
  19 eldritch tentacles
  Snorg (D:10)
  A deep elf knight (Elf:2)
  A spectral anaconda (Lair:5)
  2 lindwurms (Lair:4)
  A deep elf archer (Elf:1)
  A necromancer (Lair:5)
  A wizard (Vaults:2)
  4 orc knights
  An ugly thing (IceCv)
  An orc sorcerer (Orc:2)
  An elephant (Lair:5)
  A komodo dragon (Lair:4)
  A cane toad (Lair:5)
  An ice devil (IceCv)
  2 yaktaurs
  A tengu conjurer (Depths:2)
  2 bloated husks
  A blink frog (Lair:5)
  A dream sheep (Lair:2)
  A jumping spider (Spider:1)
  5 yaks
  A human (D:14)
  Edmund (D:4)
  An acid dragon (D:8)
  2 orc warriors (Orc:1)
  3 ogres
  A centaur (D:14)
  A kobold brigand (D:4)
  Blork the orc (D:4)
  A two-headed ogre simulacrum (IceCv)
  A wight (D:8)
  3 orc priests (Orc:1)
  10 knights
  2 orc wizards
  A polar bear simulacrum (IceCv)
  2 wolf simulacra (IceCv)
  A gnoll (D:7)
  2 orcs
  A ball python (D:4)
  A kobold (Bailey)
  A briar patch (Swamp:4)
  6 foxfires (Swamp:3)
  35 fungi
  133 plants
  23 withered plants (Lair:5)
284 creatures vanquished.

Grand Total: 2035 creatures vanquished

Notes
Turn   | Place    | Note
-------+----------+-------------------------------------------
     0 | D:1      | 910rd the Kobold Summoner began the quest for the Orb.
     0 | D:1      | Reached XP level 1. HP: 10/10 MP: 3/3
     8 | D:1      | Noticed a lindwurm
    10 | D:1      | Noticed a wyvern
    11 | D:1      | Noticed a salamander
    12 | D:1      | Noticed a killer bee
   116 | D:1      | Reached skill level 1 in Fighting
   290 | D:1      | Reached XP level 2. HP: 17/17 MP: 3/5
   295 | D:1      | Learned a level 2 spell: Call Imp
   479 | D:1      | Found Lolu's Weapon Shop.
   701 | D:1      | Reached XP level 3. HP: 21/21 MP: 5/7
  2062 | D:2      | Reached XP level 4. HP: 15/26 MP: 7/9
  2144 | D:3      | Learned a level 3 spell: Call Canine Familiar
  2155 | D:3      | HP: 1/26 [gnoll/+0 spear (4)]
  2289 | D:3      | Reached XP level 5. HP: 30/30 MP: 7/10
  2556 | D:3      | Found an ancient bone altar of Kikubaaqudgha.
  2738 | D:3      | Found a faded altar of an unknown god.
  2898 | D:3      | Reached skill level 5 in Summonings
  2983 | D:3      | Found a burning altar of Makhleb.
  3119 | D:3      | Reached XP level 6. HP: 35/35 MP: 8/11
  3185 | D:3      | Reached skill level 2 in Fighting
  3650 | D:4      | Found a staircase to the Ecumenical Temple.
  3657 | Temple   | Entered the Ecumenical Temple
  3804 | Temple   | Became a worshipper of Hepliaklqana the Forgotten
  3935 | D:4      | Found a sand-covered staircase.
  3940 | Ossuary  | Entered an ossuary
  3963 | Ossuary  | Reached skill level 1 in Hexes
  3995 | Ossuary  | Reached XP level 7. HP: 32/40 MP: 12/12
  4001 | Ossuary  | Learned a level 3 spell: Summon Guardian Golem
  4113 | D:4      | Noticed Eustachio
  4132 | D:4      | Killed Eustachio
  4181 | D:4      | Noticed Blork the orc
  4191 | D:4      | Reached skill level 5 in Spellcasting
  4203 | D:4      | Killed Blork the orc
  4204 | D:4      | Reached skill level 3 in Fighting
  4204 | D:4      | Reached XP level 8. HP: 21/46 MP: 5/15
  4341 | D:4      | Reached skill level 4 in Fighting
  4652 | D:4      | Reached skill level 5 in Fighting
  5004 | D:4      | Noticed Edmund
  5023 | D:4      | Killed Edmund
  5252 | D:5      | Entered Level 5 of the Dungeon
  5418 | D:5      | Reached * piety under Hepliaklqana
  5550 | D:5      | Reached XP level 9. HP: 48/48 MP: 16/16
  5854 | D:5      | Found a snail-covered altar of Cheibriados.
  5920 | D:5      | Reached skill level 1 in Armour
  6243 | D:6      | Found Wopudi's Vocational Training.
  6276 | D:6      | Identified a scroll of acquirement
  6449 | D:6      | Noticed a two-headed ogre
  6476 | D:6      | Killed a two-headed ogre
  6477 | D:6      | Reached skill level 5 in Invocations
  6477 | D:6      | Reached skill level 6 in Fighting
  6477 | D:6      | Reached skill level 1 in Polearms
  6569 | D:6      | Reached ** piety under Hepliaklqana
  6570 | D:6      | Remembered your ancestor Cabbage as a knight
  6591 | D:6      | Reached skill level 1 in Air Magic
  6738 | D:6      | Reached XP level 10. HP: 54/54 MP: 17/17
  6746 | D:6      | Found a blossoming altar of Fedhas.
  6864 | D:6      | Found a white marble altar of Elyvilon.
  6921 | D:6      | Noticed Grinder
  6936 | D:6      | Killed Grinder
  6972 | D:6      | Learned a level 4 spell: Summon Lightning Spire
  7213 | D:7      | Reached skill level 5 in Air Magic
  7275 | D:7      | Reached skill level 7 in Fighting
  7348 | D:7      | Reached skill level 8 in Fighting
  7484 | D:7      | Reached skill level 1 in Evocations
  7616 | D:7      | Found a basalt altar of Yredelemnul.
  7664 | D:7      | Found an iron altar of Okawaru.
  7731 | D:7      | Identified the +7 hand axe of Havoc {antimagic, rCorr Int-3
                  | Dex-3 SInv}
  7852 | D:7      | Found a shadowy altar of Dithmenos.
  8085 | D:7      | Found a bloodstained altar of Trog.
  8204 | D:8      | Noticed Pikel
  8219 | D:8      | Killed Pikel
  8220 | D:8      | Reached skill level 5 in Dodging
  8238 | D:8      | Found a flagged portal.
  8251 | Bailey   | Entered a bailey
  8251 | Bailey   | Reached *** piety under Hepliaklqana
  8334 | Bailey   | Noticed an orc knight
  8344 | Bailey   | Killed an orc knight
  8345 | Bailey   | Reached skill level 9 in Fighting
  8345 | Bailey   | Reached XP level 11. HP: 59/63 MP: 11/18
  8365 | Bailey   | Found a runed translucent gate.
  8366 | Bailey   | Found a runed translucent gate.
  8367 | Bailey   | Found a runed translucent gate.
  8426 | Bailey   | Noticed an orc warlord
  8539 | Bailey   | Killed an orc warlord
  8540 | Bailey   | Reached skill level 10 in Fighting
  8817 | D:8      | Reached skill level 11 in Fighting
  8905 | D:8      | Found a staircase to the Lair.
  9380 | D:8      | Found a sacrificial altar of Ru.
  9583 | Lair:1   | Entered Level 1 of the Lair of Beasts
  9917 | Lair:1   | Found a runed translucent door.
  9918 | Lair:1   | Noticed foxfromabyss's ghost (journeyman OgGl)
 10011 | Lair:1   | Reached skill level 5 in Stealth
 10023 | Lair:1   | Reached XP level 12. HP: 72/72 MP: 14/19
 10180 | Lair:1   | Reached **** piety under Hepliaklqana
 10772 | Lair:2   | Found a gate leading to a gauntlet.
 10787 | Gauntlet | Entered a Gauntlet
 10787 | Gauntlet | Found a transporter.
 10793 | Gauntlet | Found a transporter.
 10796 | Gauntlet | Noticed a hell hog
 10828 | Gauntlet | Found a transporter.
 10842 | Gauntlet | Found a runed translucent gate.
 10854 | Gauntlet | Noticed a catoblepas
 10861 | Gauntlet | Found a transporter.
 10861 | Gauntlet | Found a transporter.
 10874 | Gauntlet | Found a transporter.
 10874 | Gauntlet | Found a runed translucent gate.
 10875 | Gauntlet | Found a runed translucent gate.
 10878 | Gauntlet | Noticed a sixfirhy
 10878 | Gauntlet | Noticed a sixfirhy
 10887 | Gauntlet | Found a transporter.
 10913 | Gauntlet | Noticed a blizzard demon
 10922 | Gauntlet | Found a transporter.
 10942 | Gauntlet | Found the ring of the Mage {Wiz Archmagi}
 10948 | Gauntlet | Noticed a sixfirhy
 10954 | Gauntlet | Found a transporter.
 10954 | Gauntlet | Found a transporter.
 10963 | Gauntlet | Noticed a great orb of eyes
 11021 | Gauntlet | Found a transporter.
 11021 | Gauntlet | Found a transporter.
 11308 | Gauntlet | Killed a sixfirhy
 11309 | Gauntlet | Reached skill level 10 in Stealth
 11315 | Gauntlet | Killed a sixfirhy
 11320 | Gauntlet | Killed a sixfirhy
 11323 | Gauntlet | Identified the +5 great sword of Gilyts {spect, Will+}
 11557 | Gauntlet | Noticed a minotaur
 11568 | Gauntlet | Killed a minotaur
 11592 | Gauntlet | Got the Encyclopedia of the Translocated Rocks
 11969 | Lair:2   | Found a hole to the Spider Nest.
 12287 | Lair:2   | Reached skill level 1 in Shields
 12766 | Lair:3   | Noticed a catoblepas
 12779 | Lair:3   | Killed a catoblepas
 12970 | Lair:3   | Reached XP level 13. HP: 66/76 MP: 20/20
 12991 | Lair:3   | Found a frozen archway.
 12997 | IceCv    | Entered an ice cave
 13699 | IceCv    | Reached skill level 10 in Summonings
 13744 | IceCv    | Found an ancient bone altar of Kikubaaqudgha.
 14316 | IceCv    | Reached skill level 12 in Fighting
 14436 | IceCv    | Got the Parchment of Frostbite
 15237 | Lair:3   | Found a staircase to the Swamp.
 15266 | Lair:3   | Noticed Rupert
 15279 | Lair:3   | Killed Rupert
 15734 | Lair:3   | Found a snail-covered altar of Cheibriados.
 16342 | Lair:4   | Reached XP level 14. HP: 82/82 MP: 11/21
 17146 | Lair:4   | Found the +8 longbow "Zephyr" {speed, Dex+3 SInv}
 17181 | Lair:4   | Identified the +10 plate armour of the Ladybird {rElec rC+
                  | Int+3}
 17239 | Lair:5   | Entered Level 5 of the Lair of Beasts
 17657 | Lair:5   | Reached skill level 10 in Invocations
 17841 | Lair:5   | Found a runed translucent door.
 18311 | Lair:5   | Reached ***** piety under Hepliaklqana
 18544 | Lair:5   | Found a staircase to the Slime Pits.
 18771 | Lair:5   | Found a shimmering altar of Xom.
 18771 | Lair:5   | Noticed ouz's ghost (journeyman DEFE)
 18898 | Lair:5   | Reached skill level 5 in Armour
 19057 | Lair:5   | Noticed a dire elephant
 19058 | Lair:5   | Noticed a dire elephant
 19058 | Lair:5   | Noticed a dire elephant
 19064 | Lair:5   | Found the +9 staff of Olgreb {rPois∞}
 19480 | Lair:5   | Reached XP level 15. HP: 86/86 MP: 18/22
 19676 | Lair:5   | Reached skill level 15 in Summonings
 19893 | Lair:5   | Got Sif Muna's Secrets of Voltaic Elsewhere
 20150 | D:9      | Reached skill level 13 in Fighting
 20838 | D:10     | Entered Level 10 of the Dungeon
 20961 | D:10     | Noticed Snorg
 20973 | D:10     | Killed Snorg
 21096 | D:10     | Noticed caelrath's ghost (journeyman FoFi)
 21104 | D:10     | Found a runed translucent door.
 21367 | Lair:5   | Acquired a book of Power
 21565 | D:10     | Killed caelrath's ghost
 22244 | D:10     | Reached skill level 14 in Fighting
 22438 | D:11     | Found Qolot's Armour Emporium.
 22447 | D:11     | Found a staircase to the Orcish Mines.
 22785 | D:11     | Identified the +5 ring mail of Theory {Dex+2}
 22907 | D:11     | Identified the +5 chain mail "With" {*Slow rElec rF- rN+++}
 24011 | Orc:1    | Entered Level 1 of the Orcish Mines
 24060 | Orc:1    | Noticed Fannar
 24074 | Orc:1    | Killed Fannar
 24137 | Orc:1    | Noticed an orc warlord
 24146 | Orc:1    | Killed an orc warlord
 24700 | Orc:1    | Found Wojocum's Distillery.
 24816 | Orc:2    | Entered Level 2 of the Orcish Mines
 24816 | Orc:2    | Noticed Maurice
 24823 | Orc:2    | Killed Maurice
 24986 | Orc:2    | Upgraded the game from 0.30-a0-311-gf115ab0292 to
                  | 0.30-a0-313-gae38170b09
 24999 | Orc:2    | Noticed Erolcha
 25007 | Orc:2    | Killed Erolcha
 25167 | Orc:2    | Found a staircase to the Elven Halls.
 25349 | Orc:2    | Reached XP level 16. HP: 76/95 MP: 17/25
 25485 | Orc:2    | Found Ityeh's Book Emporium.
 25488 | Orc:2    | Found Otwig's Antique Armour Shop.
 25495 | Orc:2    | Found Tilothoss's Antique Weapon Shop.
 25497 | Orc:2    | Found Wotacogu's Book Emporium.
 25564 | Orc:2    | Found Arurax's Antique Armour Boutique.
 25656 | Orc:2    | Found Qulal's Magic Scroll Boutique.
 25811 | Orc:2    | Found Dunual's Antique Armour Emporium.
 25837 | Orc:2    | Found Vikui's Book Shoppe.
 26423 | D:10     | Acquired the ring of Tuoth {+Blink rPois rF+ Int-3}
 26610 | Lair:5   | Reached XP level 17. HP: 99/99 MP: 29/29
 26621 | Lair:5   | Learned a level 7 spell: Summon Hydra
 27004 | D:11     | Found a shimmering blue altar of Sif Muna.
 27106 | D:12     | Found the +3 Elemental Staff {rElec rF++ rC++ AC+5}
 27412 | D:10     | Reached skill level 5 in Translocations
 27412 | D:10     | Reached XP level 18. HP: 105/105 MP: 30/30
 27413 | D:10     | Reached XP level 19. HP: 109/109 MP: 31/31
 27422 | D:10     | Learned a level 7 spell: Malign Gateway
 28141 | D:12     | Noticed Lodul
 28145 | D:12     | Killed Lodul
 28146 | D:12     | Reached skill level 5 in Evocations
 29138 | Swamp:1  | Entered Level 1 of the Swamp
 31871 | Swamp:3  | Reached skill level 10 in Spellcasting
 32117 | Swamp:3  | Found a bloodstained altar of Trog.
 32967 | Swamp:3  | Identified the +1 pair of gloves of Vuxzienk {rC+ Str+6}
 33493 | Swamp:4  | Entered Level 4 of the Swamp
 33615 | Swamp:4  | Reached XP level 20. HP: 115/115 MP: 16/34
 34211 | Swamp:4  | Noticed Donald
 34218 | Swamp:4  | Killed Donald
 35256 | Swamp:4  | Found a basalt altar of Yredelemnul.
 35374 | Swamp:4  | Found a blossoming altar of Fedhas.
 35481 | Swamp:4  | Got a decaying rune of Zot
 35698 | Swamp:4  | Acquired an amulet of magic regeneration
 37050 | D:13     | Reached ****** piety under Hepliaklqana
 37110 | D:14     | Found Vehag's Antique Armour Shop.
 37128 | D:14     | Reached skill level 15 in Fighting
 37195 | D:14     | Found Xyan's Armour Boutique.
 37351 | D:14     | Found Ipreic's Book Boutique.
 37431 | D:14     | Found Lyiqesoss's Magic Scroll Shop.
 37437 | D:14     | Bought 3 scrolls of summoning for 370 gold pieces
 37890 | D:14     | Identified the amulet "Wikkuxt" {Spirit Will+ Int+3}
 38029 | D:14     | Found a gate to the Vaults.
 38162 | D:14     | Found Lith's Book Boutique.
 38625 | D:15     | Entered Level 15 of the Dungeon
 38704 | D:15     | Reached skill level 10 in Dodging
 39084 | D:15     | Found a staircase to the Depths.
 39668 | Spider:1 | Entered Level 1 of the Spider Nest
 39680 | Spider:1 | Reached XP level 21. HP: 104/120 MP: 23/35
 39749 | Spider:1 | Reached skill level 10 in Translocations
 39828 | Spider:1 | Noticed Azrael
 39833 | Spider:1 | Killed Azrael
 39947 | Spider:1 | Noticed Asterion
 39951 | Spider:1 | Killed Asterion
 41476 | Spider:2 | Identified the +9 chain mail of the Shrinking Gods {rPois
                  | rCorr Dex+2}
 41784 | Spider:3 | Noticed Arachne
 41800 | Spider:3 | Killed Arachne
 42164 | Spider:3 | Noticed Roxanne
 42179 | Spider:3 | Killed Roxanne
 42314 | Spider:3 | Identified the +3 leather armour of the Present {Dex+4}
 42792 | Spider:4 | Entered Level 4 of the Spider Nest
 42963 | Spider:4 | Noticed Bai Suzhen
 43114 | Spider:4 | Killed Bai Suzhen
 44595 | Spider:4 | Got a gossamer rune of Zot
 44726 | Spider:4 | Learned a level 8 spell: Summon Horrible Things
 44728 | Spider:4 | Reached XP level 22. HP: 126/126 MP: 36/36
 45194 | Lair:1   | Killed foxfromabyss's ghost
 45195 | Lair:1   | Reached XP level 23. HP: 129/129 MP: 28/37
 45371 | Lair:5   | Killed ouz's ghost
 45623 | Elf:1    | Entered Level 1 of the Elven Halls
 45710 | Elf:1    | Found a radiant altar of Vehumet.
 45843 | Elf:1    | Got Dispater's Discursus on the Congregation
 46790 | Elf:1    | Paralysed by an air elemental for 1 turns
 47598 | Elf:2    | Found a flickering gateway to a bazaar.
 47604 | Bazaar   | Entered a bazaar
 47732 | Bazaar   | Found Emurrec's General Store.
 47746 | Bazaar   | Found Axedgh's Magic Scroll Boutique.
 47751 | Bazaar   | Bought a scroll of blinking for 67 gold pieces
 47760 | Bazaar   | Found Mieficke's Antique Armour Shop.
 47788 | Bazaar   | Found Eczupeq's Assorted Antiques.
 47802 | Bazaar   | Found Bumup's Book Boutique.
 47908 | Bazaar   | Bought a scroll of summoning for 85 gold pieces
 47908 | Bazaar   | Bought a scroll of magic mapping for 67 gold pieces
 47908 | Bazaar   | Bought a scroll of magic mapping for 67 gold pieces
 47908 | Bazaar   | Bought a scroll of summoning for 85 gold pieces
 47922 | Bazaar   | Bought a shiny helmet for 240 gold pieces
 47965 | Bazaar   | Bought a potion of brilliance for 92 gold pieces
 47965 | Bazaar   | Bought 2 potions of brilliance for 184 gold pieces
 48077 | Elf:2    | Found a shimmering blue altar of Sif Muna.
 48253 | Elf:2    | Paralysed by an air elemental for 1 turns
 48719 | Elf:2    | Found a runed translucent gate.
 48719 | Elf:2    | Found a runed translucent gate.
 48719 | Elf:2    | Found a runed translucent gate.
 48976 | Elf:3    | Entered Level 3 of the Elven Halls
 49167 | Elf:3    | Acquired 971 gold pieces
 49445 | Elf:3    | Paralysed by an air elemental for 1 turns
 49677 | Elf:3    | Reached skill level 16 in Fighting
 50961 | Elf:3    | Reached skill level 17 in Fighting
 51063 | Elf:3    | Got the Directory of the Frozen Coals
 51070 | Elf:3    | Identified the ring of Equivalence {rElec rC++ rN+ EV+4}
 51074 | Elf:3    | Identified the +1 pair of gloves "Zooc" {Harm Will+ rCorr
                  | Int-3}
 51093 | Elf:3    | Identified the ring "Luaghih" {rElec rN++ Will- Dex+6}
 51096 | Elf:3    | Identified the ring of Cheibriados's Favour {rElec Will+
                  | Int+6}
 51124 | Elf:3    | Identified the ring "Paecaz" {Int+3 Dex+6}
 51125 | Elf:3    | Identified the +9 bardiche of the Weasel {freeze, rPois
                  | Will+ Str+4 Dex-3}
 51186 | Elf:3    | Identified the +8 dagger of the Wary Invaders {venom, MP+9
                  | Str+3}
 51402 | Elf:3    | Reached skill level 18 in Fighting
 51722 | Vaults:1 | Entered Level 1 of the Vaults
 51822 | Vaults:1 | Reached XP level 24. HP: 137/141 MP: 6/37
 52349 | Vaults:1 | Learned a level 9 spell: Dragon's Call
 53657 | Vaults:2 | Noticed Zenata
 53666 | Vaults:2 | Killed Zenata
 53929 | Vaults:2 | Found a portal to a secret trove of treasure.
 54228 | Vaults:2 | Noticed Boris
 54254 | Vaults:2 | Killed Boris
 54306 | Vaults:2 | Reached skill level 19 in Fighting
 54472 | Vaults:2 | Noticed Nikola
 54480 | Vaults:2 | Killed Nikola
 55519 | Vaults:2 | Reached skill level 20 in Fighting
 55536 | Vaults:2 | Reached XP level 25. HP: 94/151 MP: 17/38
 56405 | Vaults:3 | Found Boymoiti's General Store.
 57946 | Vaults:3 | Reached skill level 21 in Fighting
 58087 | Vaults:3 | Found a staircase to the Crypt.
 58087 | Vaults:3 | Found a basalt altar of Yredelemnul.
 58087 | Vaults:3 | Found an ancient bone altar of Kikubaaqudgha.
 58387 | Vaults:4 | Found a magical portal.
 58398 | WizLab   | Entered Maxwell's Workshop
 58901 | WizLab   | Reached skill level 22 in Fighting
 58912 | WizLab   | Identified the ring "Puneokiox" {Ice rCorr Int-5 SInv
                  | Stlth-}
 59774 | Vaults:4 | Reached skill level 23 in Fighting
 59951 | Vaults:4 | Reached XP level 26. HP: 163/163 MP: 15/38
 60765 | D:15     | Upgraded the game from 0.30-a0-313-gae38170b09 to
                  | 0.30-a0-321-gf7783e6616
 60769 | Depths:1 | Entered Level 1 of the Depths
 60914 | Depths:1 | Found Uzaxze's Antique Weapon Shop.
 61040 | Depths:1 | Found Jitsas's Jewellery Shop.
 61043 | Depths:1 | Identified the +4 morningstar of Dawn {venom, rF+ Str+3}
 61044 | Depths:1 | Noticed Saint Roka
 61049 | Depths:1 | Killed Saint Roka
 61408 | Depths:1 | Found Oruilih's Antique Weapon Emporium.
 61508 | Depths:1 | Found a gateway to Hell.
 61555 | Depths:1 | Found Zerph's Assorted Antiques.
 61556 | Depths:1 | Identified the +1 helmet "Upsozuav" {Int+5}
 62102 | Depths:2 | Found a one-way gate leading to the halls of Pandemonium.
 62187 | Depths:2 | Found Unyhad's Magic Scroll Emporium.
 62188 | Depths:2 | Noticed Sojobo
 62193 | Depths:2 | Killed Sojobo
 62197 | Depths:2 | Bought a scroll of blinking for 127 gold pieces
 62344 | Depths:2 | Found Exosui's Antique Armour Shoppe.
 62538 | Depths:2 | Reached skill level 15 in Dodging
 62813 | Depths:2 | Reached skill level 24 in Fighting
 63007 | Depths:2 | Reached skill level 25 in Fighting
 63013 | Depths:2 | Mangled by a caustic shrike

Illustrated notes

Levels and vault maps discovered:
D:1:      onia_arrival_zoo_common, layout_loops_ring, serial_shops,
          nicolae_shop_trees, minmay_pentomino_w2
D:2:      layout_basic, serial_undead, serial_undead_a, serial_undead_f,
          serial_undead_c, serial_undead_b, solitary_fountain, st_stairs_4
D:3:      layout_basic, mainiacjoe_overflow_catwalk, demons_altar, serial_glass,
          glass_columns_a, glass_columns_b, glass_columns_b, glass_columns_b,
          glass_columns_a, basic_ecumenical_altar, nicolae_underground_beach
D:4:      minmay_chambers_of_fours, layout_loops_ring,
          minmay_temple_entry_glass, nicolae_ossuary_entry_plus, uniq_edmund,
          uniq_eustachio, uniq_blork_the_orc
D:5:      layout_basic, mainiacjoe_overflow_chevrons
D:6:      layout_basic, fedhas_altar_fruit_tree,
          mainiacjoe_overflow_small_starburst, st_stairs_4,
          nicolae_shop_vocational, uniq_grinder
D:7:      layout_cave_pools, grunt_dithmenos_smoke_and_mirrors,
          mainiacjoe_overflow_catch_the_wave, lightli_temple_of_fire
D:8:      layout_basic, nicolae_ru_the_path_less_chosen, lair_entry_dummy,
          enter_bailey_3, uniq_pikel
D:9:      layout_gridville
D:10:     layout_irregular_city, hellmonk_ghost_happy_afterlife,
          grunt_ministairs_8, uniq_snorg
D:11:     layout_basic, orc_david_3, tgw_sif
D:12:     layout_stronghold, minmay_mirror_moons_of_madness, uniq_lodul
D:13:     layout_basic, minmay_tree_intersection
D:14:     layout_long_grid, ximxim_vaults_locker_room, serial_shops, shop,
          nicolae_shop_behind_doors, nicolae_shop_crystal, shop, shop,
          minivault_15, lemuel_flamethrower_2
D:15:     grunt_enter_depths_magical_seal, layout_rooms
Temple:   hc_temple_tempest_star
Lair:1:   layout_regular_city, gammafunk_ghost_grave
Lair:2:   layout_gridlike, spider_nest_entry_a, gauntlet_entry_generic,
          grunt_forest_stairs_basic, columned_hall_lemuel, serial_bayou_shore_b
Lair:3:   layout_regular_city, swamp_mist, portal_ice_cave_entry_pillars_1,
          roderic_batcave, st_stairs_8, kennysheep_snail_temple, uniq_rupert
Lair:4:   layout_loops_ring, st_stairs_10, minmay_lair_oklob_items,
          nicolae_lair_grove_arrangements, minmay_lindwurm_lava,
          infiniplex_staircase_pool
Lair:5:   due_jungle_book, layout_small_grid, slime_entry_1, ebering_ghost_xom,
          serial_bayou_lagoon_b
Swamp:1:  layout_basic_swamp, nicolae_swamp_oxbows
Swamp:2:  layout_basic_swamp, nicolae_swamp_big_swirl, swamp_pool3
Swamp:3:  layout_basic_swamp, lemuel_altar_in_water
Swamp:4:  byrel_swamp_growth_death_and_undeath, layout_basic_swamp, swamp_pool3,
          infiniplex_staircase_pool_2, uniq_donald
Spider:1: layout_spider_delve, uniq_azrael, uniq_asterion
Spider:2: layout_spider_delve, special_room [special_room_bee]
Spider:3: layout_spider_delve, hangedman_spider_tarantella_strand, uniq_arachne,
          uniq_roxanne
Spider:4: grunt_spider_rune_parallel, uniq_bai_suzhen
Orc:1:    layout_caves, serial_shops, nicolae_lakefront_shop, uniq_fannar
Orc:2:    st_orc_elflike, layout_caves, serial_shops, nicolae_diamond_shop,
          nicolae_shop_waterfront, shop, hellmonk_bongcloud_opening,
          abandoned_shop, nicolae_orc_sculptors_studio, guppyfry_orc_lava_fort,
          uniq_maurice, uniq_erolcha
Elf:1:    eino_elf_arrival_altar, layout_onion_city, minmay_elf_demonology
Elf:2:    nicolae_elf_blades_splatter_lattice [infiniplex_blade_entry_pillars],
          layout_geoelf_diagonals, basic_altar, serial_shops, bzr_entry_islet
Elf:3:    minmay_elf_hall_quartered_circle, layout_geoelf_castle
Vaults:1: hangedman_vaults_corner_blocks, vaults_mumra_lcd,
          hangedman_vaults_restitches, vaults_mumra_minichess_inversion,
          hangedman_vaults_corner_blocks, vaults_room_pool,
          hangedman_vaults_nodes, grunt_vaults_diagonal, vaults_room_semicircle,
          layout_vaults_big_room
Vaults:2: vaults_mumra_minichess, nicolae_vaults_little_squares_1, v_misc_30,
          dpeg_vaults_monster_row, nicolae_vaults_sealed_display, v_misc_1,
          ontoclasm_vaults_shuriken, layout_vaults_omnigrid,
          nicolae_trove_entry_diagonal, serial_shops, uniq_zenata, uniq_nikola,
          uniq_boris
Vaults:3: hangedman_vaults_restitches, nicolae_vaults_puzzle_piece,
          nicolae_vaults_bisected_exclaves, v_pattern_4,
          nicolae_vaults_display_case, v_misc_24, grunt_vaults_bifocal,
          vaults_dpeg_ring, ontoclasm_vaults_hangar,
          minmay_crypt_entry_necro_gods, ontoclasm_vaults_bender,
          layout_vaults_big_cross, serial_shops, shop
Vaults:4: infiniplex_enter_wizlab_water, ontoclasm_vaults_gateway,
          hangedman_vaults_cutoff, nicolae_vaults_meeting,
          nicolae_vaults_what_the_h, hangedman_vaults_unwind, vaults_mumra_hex,
          vaults_mumra_chevron_long, v_misc_17, vaults_room_pools, v_misc_2,
          layout_vaults_maze
Depths:1: layout_small_grid, minmay_door_square, hell_entry, serial_shops,
          nicolae_shop_overgrown_old_shop, nicolae_diamond_shop, shop,
          nicolae_shop_window_shopping, lemuel_old_faithful, uniq_saint_roka
Depths:2: grunt_twisty_corner, layout_twisted_cross, hell_entry,
          rand_demon_pan_entry_1, hex_tiny, minmay_shoptagon, uniq_sojobo

Skill      XL: |  1  2  3  4  5  6  7  8  9 10 11 12 13 14 15 16 17 18 19 20 21 22 23 24 25 26 |
---------------+-------------------------------------------------------------------------------+-----
Fighting       | 1 2 3 5 6 9 11 12 14 15 18 20 23 25 | 25.0
Spellcasting   | 3 5 6 8 10 11 | 11.0
Summonings     | 5 6 7 8 12 14 16 17 18 20 22 23 24 | 24.0
Hexes          | 2 4 |  4.0
Dodging        | 3 5 8 10 12 15 | 15.0
Invocations    | 3 5 6 8 10 12 | 12.0
Armour         | 2 5 6 8 |  8.0
Polearms       | 1 |  1.4
Air Magic      | 3 5 |  5.0
Evocations     | 2 5 8 9 |  9.3
Stealth        | 6 12 | 12.3
Shields        | 4 |  4.0
Translocations | 5 8 9 10 | 10.0

Action                   |  1- 3 |  4- 6 |  7- 9 | 10-12 | 13-15 | 16-18 | 19-21 | 22-24 | 25-27 || total
-------------------------+-------+-------+-------+-------+-------+-------+-------+-------+-------++-------
Melee: Unarmed           |    23 |       |       |       |       |       |       |       |       ||    23
       Club              |     5 |       |       |       |       |       |       |       |       ||     5
       Spear             |    98 |    91 |   122 |   278 |   504 |    29 |       |       |       ||  1122
       Punch             |       |       |       |     4 |       |       |       |       |       ||     4
       Staff             |       |       |       |       |     1 |       |    36 |    56 |    13 ||   106
 Cast: Summon Small Mamm |    16 |     5 |     6 |     2 |       |       |     1 |       |       ||    30
       Call Imp          |     7 |    12 |     7 |     1 |     2 |       |       |     1 |       ||    30
       Call Canine Famil |       |     5 |     9 |     4 |    21 |     3 |       |     1 |       ||    43
       Summon Guardian G |       |       |    13 |    27 |    48 |     6 |       |       |       ||    94
       Summon Lightning  |       |       |       |    35 |   144 |    13 |    45 |    23 |     1 ||   261
       Summon Hydra      |       |       |       |       |       |     8 |   364 |   189 |    70 ||   631
       Malign Gateway    |       |       |       |       |       |       |    11 |     7 |     1 ||    19
       Summon Horrible T |       |       |       |       |       |       |       |    46 |    31 ||    77
       Dragon's Call     |       |       |       |       |       |       |       |       |    21 ||    21
Invok: Ancestor Life: Kn |       |       |     1 |       |       |       |       |       |       ||     1
       Idealise          |       |       |       |     1 |     6 |     2 |     1 |     2 |     1 ||    13
       Recall Ancestor   |       |       |       |       |       |       |       |     1 |       ||     1
       Ancestor Identity |       |       |       |       |       |       |       |       |     1 ||     1
Evoke: Wand              |       |       |       |       |     6 |       |     1 |     1 |       ||     8
  Use: Scroll            |       |    12 |    10 |     8 |     6 |     1 |     5 |     3 |     2 ||    47
       Potion            |       |       |       |     1 |     1 |     3 |     2 |       |     3 ||    10
 Stab: Sleeping          |    11 |     9 |    12 |    14 |     8 |     2 |       |       |     1 ||    57
       Distracted        |       |       |     2 |     7 |    30 |     2 |     1 |     1 |       ||    43
       Paralysed         |       |       |       |       |     2 |       |       |       |       ||     2
Armor: Robe              |     7 |     4 |     1 |       |    24 |     3 |    12 |       |       ||    51
       Leather armour    |       |       |     6 |    21 |       |       |    97 |    75 |    44 ||   243
Dodge: Dodged            |    66 |    58 |    33 |   138 |   141 |    10 |   256 |   176 |   135 ||  1013
Block: Other             |    13 |    10 |     5 |       |       |       |       |       |       ||    28
       Buckler           |       |       |       |     1 |    72 |     9 |       |       |       ||    82

Table legend: (Time is in decaauts)
 A = Elapsed time spent in this place.
 B = Non-inter-level travel time spent in this place.
 C = Inter-level travel time spent in this place.
 D = Time resting spent in this place.
 E = Time spent auto-exploring this place.
 F = Levels seen in this place.
 G = Mean time per level.
                   A        B        C        D        E       F      G
               +--------+--------+--------+--------+--------+-----+--------+
         Total |  63622 |  58601 |   5021 |   7445 |  38340 |  46 | 1383.1 |
       Dungeon |  19149 |  17037 |   2112 |    875 |  13089 |  15 | 1276.6 |
        Temple |    169 |    169 |      0 |      0 |      3 |   1 |  169.0 |
          Lair |   9100 |   7722 |   1378 |    884 |   5098 |   5 | 1820.0 |
         Swamp |   7081 |   6711 |    370 |   1388 |   4079 |   4 | 1770.2 |
   Spider Nest |   5169 |   5022 |    147 |   1250 |   2564 |   4 | 1292.2 |
  Orcish Mines |   2578 |   2311 |    267 |    211 |   1518 |   2 | 1289.0 |
   Elven Halls |   5512 |   5148 |    364 |    122 |   3957 |   3 | 1837.3 |
        Vaults |   8208 |   7838 |    370 |    936 |   5591 |   4 | 2052.0 |
        Depths |   2247 |   2236 |     11 |    311 |   1476 |   2 | 1123.5 |
        Bazaar |    407 |    407 |      0 |      0 |    223 |   1 |  407.0 |
       Ossuary |    174 |    174 |      0 |      0 |     14 |   1 |  174.0 |
        Bailey |    407 |    407 |      0 |     46 |    139 |   1 |  407.0 |
      Ice Cave |   1590 |   1590 |      0 |    802 |    112 |   1 | 1590.0 |
        Wizlab |    735 |    735 |      0 |    148 |    238 |   1 |  735.0 |
      Gauntlet |   1091 |   1091 |      0 |    472 |    236 |   1 | 1091.0 |
               +--------+--------+--------+--------+--------+-----+--------+

Top non-repeatable levels by time:
  Lair:5: 3204 daAuts
Vaults:2: 2609 daAuts
   Elf:3: 2505 daAuts
 Swamp:4: 2320 daAuts
Vaults:3: 2176 daAuts
Spider:4: 2024 daAuts
   Elf:1: 2010 daAuts
    D:11: 1960 daAuts
    D:12: 1906 daAuts
 Swamp:3: 1867 daAuts
Vaults:1: 1862 daAuts
  Lair:3: 1765 daAuts
 Swamp:2: 1694 daAuts
   Orc:2: 1663 daAuts
    D:14: 1652 daAuts
